 Seeded DCSS version 0.31-a0-435-g2c6fae2916 (webtiles) character file.

Game seed: 6733148913236269867 (custom seed)

53 innerfire43 the Chopper (level 3, -1/29 HPs)
             Began as a Demonspawn Monk on Aug 1, 2023.
             Slain by a gnoll
             ... wielding a +0 whip
              (3 damage)
             ... on level 2 of the Dungeon.
             The game lasted 00:01:03 (682 turns).

innerfire43 the Chopper (Demonspawn Monk)            Turns: 682, Time: 00:01:03

Health: -1/29      AC:  3    Str: 13    XL:     3   Next: 64%
Magic:  3/3        EV: 13    Int: 11    God:
Gold:   68         SH:  0    Dex: 17    Spells: 2/2 levels left

rFire   . . .        g - +5 broad axe of Regicide {speed, rElec rN++ Will- Dex+2}
rCold   . . .        d - orb {light}
rNeg    + + .        b - +0 robe
rPois   .            e - +0 helmet
rElec   +            (no cloak)
rCorr   .            (no gloves)
SInv    .            (no boots)
Will    .....        (no amulet)
Stlth   +            (no ring)
HPRegen 0.24/turn    (no ring)
MPRegen 0.08/turn

%: no passive effects
@: glowing
A: spiny 1
a: no special abilities


You were on level 2 of the Dungeon.
You visited 1 branch of the dungeon, and saw 2 of its levels.

You collected 68 gold pieces.

Inventory:

Hand Weapons
 a - a +0 hand axe
 g - the +5 broad axe of Regicide (weapon) {speed, rElec rN++ Will- Dex+2}
   (You acquired it on level 1 of the Dungeon)

   Dex:       It affects your dexterity (+2).
   rElec:     It insulates you from electricity.
   rN:        It greatly protects you from negative energy.
   Will:      It decreases your willpower.
Armour
 b - a +0 robe (worn)
 d - an orb of light (worn)
 e - a +0 helmet (worn)
Scrolls
 f - a scroll of teleportation {unknown}
 h - a scroll of immolation {unknown}
Potions
 c - a potion of ambrosia
 i - a potion of berserk rage {unknown}


   Skills:
 - Level 3.4 Fighting
 * Level 3.5 Axes
 - Level 3.1 Dodging


You had 2 spell levels left.
You didn't know any spells.
Your spell library was empty.

Dungeon Overview and Level Annotations

Branches:
Dungeon (2/15)

Altars:

Shops:
D:2 *


Innate Abilities, Weirdness & Mutations

You are partially covered in sharp spines.


Message History

Found Disonili's Assorted Antiques.
An endoplasm is nearby!
The endoplasm freezes you.
You are frozen.
An endoplasm is nearby!
You hit the endoplasm.
The endoplasm is heavily wounded.
The endoplasm is struck by your spines.
You kill the endoplasm!
No target in view!
HP restored.
There is an entrance to Disonili's Assorted Antiques here.
A gnoll comes into view. It is wielding a +0 whip. x2
A gnoll comes into view. It is wielding a +0 halberd.
The gnoll shouts! x2; You hear a shout!
A gnoll comes into view. It is wielding a +0 halberd.
You hear a shout!
There are monsters nearby!
A kobold comes into view. It is wielding a +0 dagger.
Found a beast talisman.
Found a glowing golden altar of the Shining One.
There are monsters nearby!
There are monsters nearby!
You hit the gnoll.
The gnoll is moderately wounded.
You hit the gnoll.
There are monsters nearby!
You hit the gnoll.
The gnoll is heavily wounded.
You slash the gnoll!
The gnoll hits you from afar with a +0 halberd.
The gnoll misses you. The gnoll hits you with a +0 whip.
There are monsters nearby!
You hit the gnoll.
You kill the gnoll!
You completely miss the gnoll.
The gnoll hits you from afar with a +0 halberd! x2
* * * LOW HITPOINT WARNING * * *
The gnoll hits you with a +0 whip.
You die...

.######..### #.##
#..............## #...
#....######.##..###.#.
.... ##.##........ ...
#..##.#...#.. ..##
#.###..#.#..# #gg#
##.###...∩...# #.)#
#.......#.#..#
#.@###.###..#...#..
##g.##.# ##........
#.....K#.#..#
######.[.
#......#...## .#.
#..K_..#...# .##
.◎.....##..# ##
....... #..# #.
....... .... ##.
########..... ##..


You could see 3 gnolls and a kobold.

Vanquished Creatures
  A gnoll (D:2)
  2 adders (D:2)
  A dart slug (D:1)
  3 ball pythons
  5 bats (D:1)
  5 endoplasms
  A giant cockroach (D:1)
  5 hobgoblins (D:1)
  A quokka (D:1)
  2 frilled lizards (D:1)
  4 goblins
  2 rats (D:1)
32 creatures vanquished.

Vanquished Creatures (others)
  A bat (D:1)
1 creature vanquished.

Grand Total: 33 creatures vanquished

Notes
Turn   | Place    | Note
-------+----------+-------------------------------------------
     0 | D:1      | innerfire43 the Demonspawn Monk began the quest for the
                  | Orb.
     0 | D:1      | Reached XP level 1. HP: 18/18 MP: 1/1
   118 | D:1      | Gained mutation: You are partially covered in sharp spines.
                  | [demonic ancestry]
   118 | D:1      | Reached XP level 2. HP: 9/24 MP: 2/2
   482 | D:1      | Reached XP level 3. HP: 29/29 MP: 3/3
   580 | D:1      | Identified a scroll of acquirement
   580 | D:1      | Acquired the +5 broad axe of Regicide {speed, rElec rN++
                  | Will- Dex+2}
   628 | D:2      | Found Disonili's Assorted Antiques.
   682 | D:2      | Slain by a gnoll

Illustrated notes

Levels and vault maps discovered:
D:1:      dpeg_arrival_prison, layout_rooms, chequers_arboretum
D:2:      layout_rooms, serial_shops, nicolae_shop_advertising_works
          [nicolae_subvault_shop_adworks], basic_altar

Skill      XL: |  1  2 |
---------------+-------+-----
Axes           | 3 |  3.5
Dodging        | 3 |  3.1
Fighting       | |  3.4

Action                     || total
---------------------------++-------
  Melee: Hand axe          ||    48
         Broad axe         ||     7
    Use: Scroll            ||     1
 Armour: Robe              ||    10
  Dodge: Dodged            ||    29

Table legend: (Time is in decaauts)
 A = Elapsed time spent in this place.
 B = Non-inter-level travel time spent in this place.
 C = Inter-level travel time spent in this place.
 D = Time resting spent in this place.
 E = Time spent auto-exploring this place.
 F = Levels seen in this place.
 G = Mean time per level.
                   A        B        C        D        E       F      G
               +--------+--------+--------+--------+--------+-----+--------+
         Total |    688 |    671 |     17 |      0 |    515 |   2 |  344.0 |
       Dungeon |    688 |    671 |     17 |      0 |    515 |   2 |  344.0 |
               +--------+--------+--------+--------+--------+-----+--------+

Top non-repeatable levels by time:
     D:1: 591 daAuts
     D:2: 97 daAuts
